[Event "SixDays Budapest IM-B 09-2024"]
[Site "Budapest"]
[Date "2024.09.27"]
[Round "1"]
[White "Pribelszky, Bence Daniel"]
[Black "Valkova, Angelika"]
[Result "1-0"]
[ECO "A13"]
[WhiteElo "2408"]
[BlackElo "2068"]
[Annotator "ChessBase"]
[PlyCount "83"]
[EventDate "2024.09.24"]
[EventType "tourn"]
[EventCountry "HUN"]
[SourceTitle "playchess.com"]
[Source "ChessBase"]
[SourceQuality "1"]
[TimeControl "5400+30"]

1. Nf3 d5 2. c4 e6 3. g3 d4 4. e3 Nc6 5. exd4 Nxd4 6. Bg2 Bc5 7. O-O Nf6 8. d3 Bd7 9. Nxd4 Bxd4 10. Bxb7 Rb8 11. Qf3 c5 12. Nc3 Qb6 13. Be4 O-O 14. Qe2 Nxe4 15. Nxe4 Bc6 16. Rb1 f5 17. Ng5 h6 18. Nf3 Bf6 19. Qxe6+ Kh8 20. Ne5 Bxe5 21. Qxe5 Rbe8 22. Qc3 Bf3 23. d4 Be2 24. dxc5 Qg6 25. Bf4 Re4 26. Rfe1 Rxc4 27. Qd2 Bf3 28. Qd6 Rf6 29. Qd8+ Kh7 30. Re8 Qf7 31. Re7 Qh5 32. Be5 Rg6 33. Re8 Rc6 34. Rh8+ Kg6 35. Rg8 f4 36. Qe8+ Kf5 37. Rf8+ Ke4 38. Rxf4+ Kd3 39. Qd7+ Kc2 40. Rxc4+ Kxb1 41. Qd3+ Kxa2 42. Ra4# 1-0

[Event "SixDays Budapest IM-B 09-2024"]
[Site "Budapest"]
[Date "2024.09.27"]
[Round "1"]
[White "Polyik, Peter"]
[Black "Goldbeck, Lars"]
[Result "0-1"]
[ECO "A06"]
[WhiteElo "2304"]
[BlackElo "2359"]
[Annotator "ChessBase"]
[PlyCount "150"]
[EventDate "2024.09.24"]
[EventType "tourn"]
[EventCountry "HUN"]
[SourceTitle "playchess.com"]
[Source "ChessBase"]
[SourceQuality "1"]
[TimeControl "5400+30"]

1. Nf3 d5 2. g3 Nd7 3. d4 Nb6 4. Nc3 Bf5 5. Nh4 e6 6. Nxf5 exf5 7. Bg2 Be7 8. Qd3 g6 9. f3 Bf6 10. Bf4 c6 11. O-O-O Bg5 12. Qe3+ Be7 13. Kb1 g5 14. Bxg5 Nc4 15. Bxe7 Nxe3 16. Bxd8 Nxd1 17. Bg5 Nxc3+ 18. bxc3 f6 19. Bf4 Ne7 20. e4 fxe4 21. fxe4 dxe4 22. Bxe4 Nd5 23. Bd2 b5 24. a4 a6 25. Rf1 O-O 26. Rf5 Rad8 27. a5 Rd6 28. Bd3 Re6 29. Rh5 Rf7 30. c4 Ne3 31. d5 cxd5 32. cxd5 Re8 33. Bxe3 Rxe3 34. Rh4 Rd7 35. Rd4 Kf8 36. Kb2 Re5 37. c4 bxc4 38. Bxc4 Ke7 39. Rf4 Re3 40. Rf5 Re5 41. Rf4 Rdxd5 42. Bxd5 Rxd5 43. Kc3 Rxa5 44. Kd3 Ra3+ 45. Ke2 Ra5 46. Kf3 Ke6 47. Re4+ Re5 48. Rb4 Rb5 49. Re4+ Re5 50. Rb4 Kf5 51. Rf4+ Kg6 52. Rg4+ Rg5 53. Rc4 a5 54. Rc7 Rf5+ 55. Kg2 Rd5 56. Ra7 Rc5 57. Kf3 h5 58. h4 Kf5 59. Rh7 Ke6 60. Ra7 Ke5 61. Re7+ Kd4 62. Kf4 Kc3 63. Ra7 Kb4 64. Kf3 a4 65. Rb7+ Rb5 66. Ra7 Rf5+ 67. Ke4 Ra5 68. Rb7+ Kc5 69. Rf7 a3 70. Rxf6 Ra4+ 71. Ke5 a2 72. Rf1 a1=Q+ 73. Rxa1 Rxa1 74. Kf4 Kd6 75. g4 Ra4+ 0-1

[Event "SixDays Budapest IM-B 09-2024"]
[Site "Budapest"]
[Date "2024.09.27"]
[Round "1"]
[White "Li, Xueyi"]
[Black "Tippa, Aswath Srisai"]
[Result "0-1"]
[ECO "E12"]
[WhiteElo "2187"]
[BlackElo "1648"]
[Annotator "ChessBase"]
[PlyCount "64"]
[EventDate "2024.09.24"]
[EventType "tourn"]
[EventCountry "HUN"]
[SourceTitle "playchess.com"]
[Source "ChessBase"]
[SourceQuality "1"]
[TimeControl "5400+30"]

1. d4 Nf6 2. c4 e6 3. Nf3 b6 4. Bf4 Bb4+ 5. Nfd2 Nh5 6. Bg3 Bb7 7. e3 Nxg3 8. hxg3 c5 9. a3 Bxd2+ 10. Qxd2 cxd4 11. Qxd4 O-O 12. Bd3 f5 13. g4 Nc6 14. Qd6 Qf6 15. Nc3 Qe5 16. Qxe5 Nxe5 17. Bf1 fxg4 18. Rh5 Rf5 19. Rxf5 exf5 20. Rd1 Kf7 21. Nb5 Bc6 22. Nd4 Kf6 23. Nxc6 dxc6 24. Be2 Ke7 25. f4 gxf3 26. gxf3 Rd8 27. Rb1 g5 28. Kf2 Kf6 29. Rh1 Rd2 30. Rh6+ Kg7 31. Re6 Nd3+ 32. Kf1 Nc1 0-1

[Event "SixDays Budapest IM-B 09-2024"]
[Site "Budapest"]
[Date "2024.09.27"]
[Round "1"]
[White "Nissinen, Niilo Man"]
[Black "Rodgers, Jack"]
[Result "1/2-1/2"]
[ECO "B27"]
[WhiteElo "2159"]
[BlackElo "2110"]
[Annotator "ChessBase"]
[PlyCount "160"]
[EventDate "2024.09.24"]
[EventType "tourn"]
[EventCountry "HUN"]
[SourceTitle "playchess.com"]
[Source "ChessBase"]
[SourceQuality "1"]
[TimeControl "5400+30"]

1. e4 c5 2. Nf3 g6 3. c3 d5 4. e5 d4 5. cxd4 cxd4 6. Bb5+ Bd7 7. e6 fxe6 8. Nxd4 Bxb5 9. Nxb5 Nc6 10. O-O Bg7 11. N1c3 a6 12. Na3 Nh6 13. Qe2 Nd4 14. Qe4 b5 15. Nc2 Nhf5 16. Nxd4 Nxd4 17. d3 b4 18. Ne2 Qd5 19. Nxd4 Qxe4 20. dxe4 Bxd4 21. Rb1 O-O 22. Be3 Bxe3 23. fxe3 Rxf1+ 24. Kxf1 Rc8 25. Re1 Kg7 26. Re2 Kf6 27. Kf2 Ke5 28. Rd2 a5 29. Kf3 Rc1 30. b3 Rf1+ 31. Ke2 Rh1 32. Kf3 h5 33. Rc2 Kd6 34. h3 Rf1+ 35. Ke2 Ra1 36. Kd3 g5 37. Ke2 Rb1 38. Kf3 Rf1+ 39. Ke2 Rf8 40. Rc4 e5 41. Rc1 g4 42. hxg4 hxg4 43. Rf1 Rc8 44. Rd1+ Ke6 45. Rd5 Rc2+ 46. Rd2 Rc5 47. Kf2 Rc3 48. Ke2 a4 49. bxa4 Ra3 50. Kf2 Rxa4 51. Kg3 b3 52. axb3 Rxe4 53. Rb2 Rb4 54. e4 Rxe4 55. b4 Kd6 56. b5 Kc7 57. b6+ Kb7 58. Kh4 Rf4 59. g3 Re4 60. Rb5 Re1 61. Kxg4 e4 62. Kf4 e3 63. Kf3 Rg1 64. Re5 Kxb6 65. Rxe7 Rf1+ 66. Ke2 Rf6 67. Kxe3 Kc6 68. Re4 Kd6 69. Rf4 Rg6 70. g4 Rh6 71. Kf3 Rh3+ 72. Kg2 Ra3 73. Re4 Rb3 74. Kf2 Ra3 75. Re1 Rb3 76. Kg2 Ra3 77. Kh2 Rb3 78. Rg1 Ke6 79. Rg3 Rxg3 80. Kxg3 Kf6 1/2-1/2

[Event "SixDays Budapest IM-B 09-2024"]
[Site "Budapest"]
[Date "2024.09.27"]
[Round "1"]
[White "Nanditha V"]
[Black "Skytte, Rasmus"]
[Result "0-1"]
[ECO "B75"]
[WhiteElo "1903"]
[BlackElo "2348"]
[Annotator "ChessBase"]
[PlyCount "79"]
[EventDate "2024.09.24"]
[EventType "tourn"]
[EventCountry "HUN"]
[SourceTitle "playchess.com"]
[Source "ChessBase"]
[SourceQuality "1"]
[TimeControl "5400+30"]

1. e4 c5 2. Nf3 d6 3. d4 cxd4 4. Nxd4 Nf6 5. Nc3 g6 6. Be3 Bg7 7. f3 a6 8. Bc4 Nbd7 9. Qd2 h5 10. O-O-O b5 11. Bb3 Nc5 12. Kb1 Bd7 13. Qf2 b4 14. Nce2 Nxb3 15. cxb3 a5 16. h3 a4 17. bxa4 Rxa4 18. g4 O-O 19. Bg5 Qa5 20. Bxf6 Bxf6 21. Nb3 Qa6 22. Nec1 Ra8 23. gxh5 Rxa2 24. Rd2 Ra1+ 25. Nxa1 Qxa1+ 26. Kc2 Rc8+ 27. Kd3 Bb5+ 28. Ke3 Rxc1 29. Rxc1 Qxc1 30. f4 Bc3 31. bxc3 bxc3 32. hxg6 fxg6 33. Qg2 Qxd2+ 34. Qxd2 cxd2 35. Kxd2 e5 36. fxe5 dxe5 37. Ke3 Kg7 38. Kf2 Kh6 39. Kf3 Kg5 40. Kg3 0-1

[Event "SixDays Budapest IM-B 09-2024"]
[Site "Budapest"]
[Date "2024.09.24"]
[Round "1.1"]
[White "Valkova, Angelika"]
[Black "Goldbeck, Lars"]
[Result "0-1"]
[ECO "D35"]
[WhiteElo "2068"]
[BlackElo "2359"]
[Annotator "TA"]
[PlyCount "60"]
[EventDate "2024.09.24"]
[EventType "tourn"]
[EventCountry "HUN"]
[SourceTitle "playchess.com"]
[Source "ChessBase"]
[SourceQuality "1"]
[TimeControl "5400+30"]

1. d4 d5 2. c4 e6 3. Nc3 Nf6 4. cxd5 exd5 5. Bg5 Be6 6. e3 Nbd7 7. Bd3 c6 8. f4 {[%emt 0:01:14] White is slightly better.} h6 9. Bh4 g5 {[%emt 0:01:34] And now ...Bg4 would win.} 10. fxg5 Ne4 11. Bxe4 hxg5 {[%emt 0:01:21] [#]} 12. Bxd5 $1 Bxd5 13. Nxd5 cxd5 14. Bg3 Qa5+ 15. Kf1 Be7 16. Nf3 Nf6 ({Better is} 16... Qb6 $14) 17. Be5 (17. Nxg5 $16 Rc8 18. Kg1) 17... Ng4 18. Qd3 (18. Bxh8 $2 {too greedy.} Nxe3+ 19. Kf2 Nxd1+ 20. Raxd1 f6 $19 (20... Qxa2 $2 21. Rhe1 $19)) 18... Rh6 ({Black should try} 18... Qb6 $14 19. Rb1 (19. Bxh8 Qxb2 20. Qe2 Qxa1+ 21. Ne1 Nf6 $11) 19... f6) 19. h3 $16 Nxe5 20. Nxe5 Rf6+ 21. Ke2 Qb6 (21... Rb6 $16 {might work better.}) 22. b3 $18 Re6 23. Rhf1 {[%emt 0:06:05][%cal Oa1c1] Black must now prevent Rac1!} Bf6 24. Rf5 O-O-O 25. Rc1+ Kb8 26. Kf2 Bxe5 27. dxe5 d4 28. Rxf7 {[%emt 0:02:28] Hoping for exd4.} (28. Rxg5 f6 29. Rg4 dxe3+ (29... fxe5 30. Re4 $16) 30. Qxe3 Qxe3+ 31. Kxe3 Rxe5+ 32. Re4 Rh5) 28... Rxe5 29. exd4 (29. e4 $16) 29... Rxd4 $19 {[%emt 0:01:01] [#] ( -> ...Rd7+)} 30. Rf8+ Rd8+ {[%emt 0:00:03] Quite a comeback for Black.   Weighted Error Value: White=0.60/Black=0.16 (very precise) .  Loses game:     	White=1     	---        Mistake:       	White=1     	Black=3      Inaccurate:     	White=2     	Black=1      OK:         	White=8     	Black=9      Best:        	White=1     	Black=4      Brilliant:      	White=1     	---} 0-1

[Event "SixDays Budapest IM-B 09-2024"]
[Site "Budapest"]
[Date "2024.09.24"]
[Round "1.2"]
[White "Nissinen, Niilo Man"]
[Black "Nanditha V"]
[Result "1-0"]
[ECO "B12"]
[WhiteElo "2159"]
[BlackElo "1903"]
[Annotator "RC"]
[PlyCount "55"]
[EventDate "2024.09.24"]
[EventType "tourn"]
[EventCountry "HUN"]
[SourceTitle "playchess.com"]
[Source "ChessBase"]
[SourceQuality "1"]
[TimeControl "5400+30"]

1. e4 c6 2. d4 d5 3. e5 c5 4. dxc5 e6 5. a3 Bxc5 6. Qg4 Ne7 7. Nf3 Nf5 8. Bd3 h5 9. Qf4 g6 10. O-O Nc6 11. Rd1 Qb6 12. Bxf5 gxf5 13. b4 Bf8 14. Qh4 Qd8 15. Bg5 Be7 16. Bxe7 Qxe7 17. Qf4 Rg8 18. h3 f6 19. exf6 Qxf6 20. Nbd2 Bd7 21. c4 d4 22. g3 O-O-O 23. Ne4 fxe4 24. Qxf6 exf3 25. b5 Na5 26. Qxd4 Nb3 27. Qxa7 Rdf8 28. b6 1-0

[Event "SixDays Budapest IM-B 09-2024"]
[Site "Budapest"]
[Date "2024.09.24"]
[Round "1.3"]
[White "Li, Xueyi"]
[Black "Polyik, Peter"]
[Result "0-1"]
[ECO "D45"]
[WhiteElo "2187"]
[BlackElo "2304"]
[Annotator "RC"]
[PlyCount "76"]
[EventDate "2024.09.24"]
[EventType "tourn"]
[EventCountry "HUN"]
[SourceTitle "playchess.com"]
[Source "ChessBase"]
[SourceQuality "1"]
[TimeControl "5400+30"]

1. d4 d5 2. c4 e6 3. Nf3 Nf6 4. Nc3 c6 5. e3 Nbd7 6. Be2 b6 7. cxd5 cxd5 8. Ne5 Nxe5 9. dxe5 Nd7 10. e4 dxe4 11. Qd4 Nc5 12. Qxd8+ Kxd8 13. Bg5+ Be7 14. O-O-O+ Nd3+ 15. Kb1 Bxg5 16. Nxe4 Ke7 17. Bxd3 Bf4 18. g3 Bxe5 19. f4 Bb8 20. Ng5 Bb7 21. Rhe1 Bd6 22. Bxh7 Rxh7 23. Nxh7 f6 24. Rd4 Bc5 25. Rd2 Rh8 26. a3 Rxh7 27. f5 e5 28. b4 Bd6 29. Red1 Bf3 30. Rxd6 Bxd1 31. Rxd1 Rxh2 32. Rc1 Kd6 33. Rd1+ Kc6 34. Rc1+ Kd5 35. Rc7 e4 36. Rxg7 e3 37. Re7 Kd4 38. Kc1 Kd3 0-1

[Event "SixDays Budapest IM-B 09-2024"]
[Site "Budapest"]
[Date "2024.09.24"]
[Round "1.4"]
[White "Pribelszky, Bence Daniel"]
[Black "Skytte, Rasmus"]
[Result "1/2-1/2"]
[ECO "B15"]
[WhiteElo "2408"]
[BlackElo "2348"]
[Annotator "TA"]
[PlyCount "42"]
[EventDate "2024.09.24"]
[EventType "tourn"]
[EventCountry "HUN"]
[SourceTitle "playchess.com"]
[Source "ChessBase"]
[SourceQuality "1"]
[TimeControl "5400+30"]

1. e4 c6 2. d4 d5 3. Nc3 dxe4 4. Nxe4 Nf6 5. Nxf6+ exf6 6. Be3 Bd6 7. Bd3 O-O 8. Ne2 Qc7 {[%emt 0:06:15] The position is equal.} (8... Bf5 $5) 9. c4 Re8 10. c5 Bf8 11. O-O Bg4 12. Qd2 Bxe2 13. Bxe2 Nd7 14. Rad1 f5 15. Bf4 Qc8 16. Bf3 Nf6 17. Be5 {[%emt 0:02:03] With the idea Bxf6.} Ne4 18. Qf4 f6 19. Bxe4 fxe4 20. Bd6 Bxd6 21. Qxd6 Re6 {[%emt 0:02:53] Weighted Error Value: White=0.12 (very precise) /Black=0.08 (flawless) .  Inaccurate:     	White=1     	Black=2      OK:         	White=3     	Black=4} 1/2-1/2

[Event "SixDays Budapest IM-B 09-2024"]
[Site "Budapest"]
[Date "2024.09.24"]
[Round "1.5"]
[White "Tippa, Aswath Srisai"]
[Black "Rodgers, Jack"]
[Result "1-0"]
[ECO "A50"]
[WhiteElo "1648"]
[BlackElo "2110"]
[Annotator "RC"]
[PlyCount "79"]
[EventDate "2024.09.24"]
[EventType "tourn"]
[EventCountry "HUN"]
[SourceTitle "playchess.com"]
[Source "ChessBase"]
[SourceQuality "1"]
[TimeControl "5400+30"]

1. d4 Nf6 2. c4 b6 3. Nc3 Bb7 4. Qc2 d5 5. cxd5 Nxd5 6. Nf3 e6 7. e4 Nxc3 8. bxc3 c5 9. Bd3 cxd4 10. cxd4 Bb4+ 11. Bd2 Bxd2+ 12. Qxd2 O-O 13. O-O Nc6 14. Bc2 Rc8 15. Rad1 Qd6 16. Rfe1 Rfd8 17. Bb1 e5 18. d5 Ne7 19. a4 f6 20. Bd3 Rc5 21. Qb4 Kf8 22. Rb1 Ra5 23. Qb3 Ba6 24. Bxa6 Rxa6 25. Nd2 Qd7 26. Ra1 Ra5 27. Qb4 Rc8 28. Nb3 Ra6 29. h3 Rc2 30. a5 Kf7 31. Rec1 Rxc1+ 32. Rxc1 bxa5 33. Nxa5 Rb6 34. Qc3 Rb8 35. Qc7 Qd8 36. d6 Rc8 37. Qxd8 Rxd8 38. dxe7 Rd7 39. Nc6 a5 40. Rb1 1-0

[Event "SixDays Budapest IM-B 09-2024"]
[Site "Budapest"]
[Date "2024.09.25"]
[Round "2.1"]
[White "Skytte, Rasmus"]
[Black "Valkova, Angelika"]
[Result "1-0"]
[ECO "A06"]
[WhiteElo "2348"]
[BlackElo "2068"]
[Annotator "RC"]
[PlyCount "67"]
[EventDate "2024.09.24"]
[EventType "tourn"]
[EventCountry "HUN"]
[SourceTitle "playchess.com"]
[Source "ChessBase"]
[SourceQuality "1"]
[TimeControl "5400+30"]

1. Nf3 d5 2. g3 Nf6 3. Bg2 Nbd7 4. O-O e5 5. d4 e4 6. Ne5 Nxe5 7. dxe5 Ng4 8. c4 c6 9. cxd5 cxd5 10. Nc3 Be6 11. Qa4+ Qd7 12. Qxd7+ Kxd7 13. Rd1 Kc6 14. h3 Nxe5 15. Bf4 Nc4 16. Rac1 Nxb2 17. Nxd5+ Bc5 18. Ne7+ Kb5 19. Rb1 Rad8 20. Rxb2+ Ka6 21. Rxd8 Rxd8 22. Bxe4 Rd1+ 23. Kh2 Bxe7 24. Bxb7+ Ka5 25. Bc6 Bd6 26. Bd2+ Rxd2 27. Rxd2 Bc5 28. Kg2 Kb4 29. Bd5 a5 30. Bxe6 fxe6 31. Rd3 e5 32. Kf3 Kc4 33. Ke4 Bd4 34. f4 1-0

[Event "SixDays Budapest IM-B 09-2024"]
[Site "Budapest"]
[Date "2024.09.25"]
[Round "2.2"]
[White "Nanditha V"]
[Black "Rodgers, Jack"]
[Result "0-1"]
[ECO "B35"]
[WhiteElo "1903"]
[BlackElo "2110"]
[Annotator "RC"]
[PlyCount "62"]
[EventDate "2024.09.24"]
[EventType "tourn"]
[EventCountry "HUN"]
[SourceTitle "playchess.com"]
[Source "ChessBase"]
[SourceQuality "1"]
[TimeControl "5400+30"]

1. e4 c5 2. Nf3 g6 3. d4 cxd4 4. Nxd4 Bg7 5. Nc3 Nc6 6. Be3 Nf6 7. Bc4 O-O 8. O-O Nxe4 9. Nxe4 d5 10. Nxc6 bxc6 11. Bd3 dxe4 12. Bxe4 Qc7 13. c3 Rb8 14. Qe2 Be6 15. Rfd1 Qb7 16. b3 Bd5 17. Bd4 e5 18. Bc5 Rfe8 19. Bd3 f5 20. Ba6 Qf7 21. c4 Be6 22. Rd6 e4 23. Rad1 Qc7 24. f4 Bf8 25. b4 Bxd6 26. Bxd6 Qb6+ 27. c5 Qxb4 28. h4 Qc3 29. Rd2 Rb1+ 30. Kh2 Qf6 31. Kg3 Rh1 0-1

[Event "SixDays Budapest IM-B 09-2024"]
[Site "Budapest"]
[Date "2024.09.25"]
[Round "2.3"]
[White "Goldbeck, Lars"]
[Black "Tippa, Aswath Srisai"]
[Result "0-1"]
[ECO "E50"]
[WhiteElo "2359"]
[BlackElo "1648"]
[Annotator "RC"]
[PlyCount "76"]
[EventDate "2024.09.24"]
[EventType "tourn"]
[EventCountry "HUN"]
[SourceTitle "playchess.com"]
[Source "ChessBase"]
[SourceQuality "1"]
[TimeControl "5400+30"]

1. d4 Nf6 2. c4 e6 3. Nc3 Bb4 4. e3 O-O 5. Nf3 b6 6. Bd3 d5 7. cxd5 exd5 8. Bd2 Bb7 9. O-O Re8 10. Nb5 Bf8 11. Rc1 c5 12. dxc5 bxc5 13. Bc3 Nbd7 14. Bf5 a6 15. Na3 Ne4 16. Be1 Ndf6 17. Qa4 a5 18. Bc3 Ba6 19. Rfe1 Bd3 20. Bh3 Nxc3 21. bxc3 Rb8 22. Red1 Be2 23. Rd2 Re4 24. Qc2 Bxf3 25. gxf3 Rh4 26. Bg2 c4 27. Nb1 Qc8 28. Rd4 Rh6 29. Qe2 Qf5 30. Qf1 Bd6 31. h3 g5 32. Qd1 Be5 33. Rd2 Rxh3 34. Qc2 Rxf3 35. Bxf3 Qxf3 36. Kf1 Ne4 37. Rdd1 Rb6 38. Nd2 Qxf2# 0-1

[Event "SixDays Budapest IM-B 09-2024"]
[Site "Budapest"]
[Date "2024.09.25"]
[Round "2.4"]
[White "Polyik, Peter"]
[Black "Pribelszky, Bence Daniel"]
[Result "1-0"]
[ECO "B47"]
[WhiteElo "2304"]
[BlackElo "2408"]
[Annotator "RC"]
[PlyCount "51"]
[EventDate "2024.09.24"]
[EventType "tourn"]
[EventCountry "HUN"]
[SourceTitle "playchess.com"]
[Source "ChessBase"]
[SourceQuality "1"]
[TimeControl "5400+30"]

1. e4 c5 2. Nf3 e6 3. d4 cxd4 4. Nxd4 Nc6 5. Nc3 Qc7 6. Be2 a6 7. Nxc6 Qxc6 8. O-O b5 9. Bf3 Bb7 10. Re1 Rc8 11. a4 b4 12. e5 Qc7 13. Bxb7 Qxb7 14. Ne4 Qc7 15. Bg5 h6 16. Bh4 h5 17. Rc1 Qb6 18. Re3 Bc5 19. Rg3 Rh7 20. Qd3 g6 21. Rd1 Qb7 22. Qd6 Ba7 23. Rgd3 Rc7 24. Bd8 Rxc2 25. Nf6+ Nxf6 26. Qe7# 1-0

[Event "SixDays Budapest IM-B 09-2024"]
[Site "Budapest"]
[Date "2024.09.25"]
[Round "2.5"]
[White "Nissinen, Niilo Man"]
[Black "Li, Xueyi"]
[Result "0-1"]
[ECO "B12"]
[WhiteElo "2159"]
[BlackElo "2187"]
[Annotator "RC"]
[PlyCount "54"]
[EventDate "2024.09.24"]
[EventType "tourn"]
[EventCountry "HUN"]
[SourceTitle "playchess.com"]
[Source "ChessBase"]
[SourceQuality "1"]
[TimeControl "5400+30"]

1. e4 c6 2. d4 d5 3. e5 Bf5 4. h4 h5 5. c4 e6 6. Nc3 Ne7 7. Nge2 a6 8. a4 dxc4 9. Ng3 Bd3 10. Bxd3 cxd3 11. Qxd3 c5 12. Nge4 Nf5 13. d5 Nc6 14. Nd6+ Bxd6 15. dxc6 Bxe5 16. cxb7 Rb8 17. Qxa6 O-O 18. Bg5 Qc7 19. O-O Rxb7 20. Rab1 Rb4 21. Qe2 f6 22. Nb5 Qf7 23. Rfe1 Rxa4 24. Qc2 Ra5 25. Qc4 Rb8 26. Rxe5 Raxb5 27. Rxe6 Nd4 0-1

[Event "SixDays Budapest IM-B 09-2024"]
[Site "Budapest"]
[Date "2024.09.25"]
[Round "3.1"]
[White "Valkova, Angelika"]
[Black "Polyik, Peter"]
[Result "0-1"]
[ECO "D31"]
[WhiteElo "2068"]
[BlackElo "2304"]
[Annotator "RC"]
[PlyCount "88"]
[EventDate "2024.09.24"]
[EventType "tourn"]
[EventCountry "HUN"]
[SourceTitle "playchess.com"]
[Source "ChessBase"]
[SourceQuality "1"]
[TimeControl "5400+30"]

1. d4 d5 2. c4 e6 3. Nc3 Bb4 4. e3 Nf6 5. a3 Bxc3+ 6. bxc3 c6 7. a4 O-O 8. Ba3 Re8 9. Nf3 b6 10. cxd5 cxd5 11. Bb5 Bd7 12. Bd3 Nc6 13. O-O e5 14. dxe5 Nxe5 15. Nxe5 Rxe5 16. Bb2 Qc7 17. c4 Rh5 18. f4 Bg4 19. Be2 Bxe2 20. Qxe2 Qxc4 21. Qf3 Rh6 22. Rfc1 Qb3 23. Bd4 Re8 24. a5 Ne4 25. axb6 axb6 26. Qg4 Rg6 27. Qd7 Nf6 28. Qb7 h5 29. Ra7 Kh7 30. Qxb6 Qd3 31. Qc7 Rxe3 32. Bxe3 Qxe3+ 33. Kh1 Ne4 34. Ra2 Nf2+ 35. Rxf2 Qxf2 36. Rg1 f6 37. Qd7 d4 38. Qf5 Kh6 39. g3 Qf3+ 40. Rg2 d3 41. Qd7 f5 42. Qc8 Rc6 43. Qh8+ Kg6 44. Qe8+ Kh7 0-1

[Event "SixDays Budapest IM-B 09-2024"]
[Site "Budapest"]
[Date "2024.09.25"]
[Round "3.2"]
[White "Li, Xueyi"]
[Black "Nanditha V"]
[Result "1-0"]
[ECO "E62"]
[WhiteElo "2187"]
[BlackElo "1903"]
[Annotator "RC"]
[PlyCount "51"]
[EventDate "2024.09.24"]
[EventType "tourn"]
[EventCountry "HUN"]
[SourceTitle "playchess.com"]
[Source "ChessBase"]
[SourceQuality "1"]
[TimeControl "5400+30"]

1. d4 Nf6 2. c4 g6 3. g3 Bg7 4. Bg2 O-O 5. Nc3 d6 6. Nf3 Nc6 7. O-O e5 8. dxe5 dxe5 9. Bg5 Qe8 10. Nd5 Nxd5 11. cxd5 Ne7 12. e4 f6 13. Be3 Kh8 14. Rc1 c6 15. Nd2 f5 16. Bc5 cxd5 17. exd5 e4 18. Nc4 b6 19. Bd4 Ba6 20. Bxg7+ Kxg7 21. Qd4+ Rf6 22. f3 exf3 23. Bxf3 Rd8 24. Rfe1 Bxc4 25. Rxc4 Qd7 26. Qe5 1-0

[Event "SixDays Budapest IM-B 09-2024"]
[Site "Budapest"]
[Date "2024.09.25"]
[Round "3.3"]
[White "Pribelszky, Bence Daniel"]
[Black "Nissinen, Niilo Man"]
[Result "1-0"]
[ECO "A06"]
[WhiteElo "2408"]
[BlackElo "2159"]
[Annotator "TA"]
[PlyCount "81"]
[EventDate "2024.09.24"]
[EventType "tourn"]
[EventCountry "HUN"]
[SourceTitle "playchess.com"]
[Source "ChessBase"]
[SourceQuality "1"]
[TimeControl "5400+30"]

1. Nf3 d5 2. b3 Nf6 3. Bb2 e6 4. c4 b6 5. cxd5 exd5 6. g3 Nbd7 7. Bg2 Bd6 8. Nc3 {[%emt 0:02:09] White is slightly better.} Bb7 9. Rc1 a6 {[%emt 0:00:34][%cal Od5d4] Wards off Nb5} 10. O-O O-O 11. Re1 Re8 12. d3 b5 13. d4 Qe7 14. e3 Rad8 15. a4 b4 16. Ne2 Ne4 17. Nf4 Nf8 18. Nd3 Ng6 (18... f6 $14 {was preferrable.}) 19. Re2 (19. Qc2 $16) 19... Bc8 20. Rec2 f6 {[%emt 0:06:16] Against Nfe5} 21. a5 (21. Nd2 $14 {might be stronger.}) 21... h5 (21... Bg4 $11 {remains equal.}) 22. Nd2 Bg4 23. Qe1 {[%emt 0:01:58] Threatens to win with f3.} Bf5 24. Qe2 $1 Bg4 25. Qf1 ({White should play} 25. f3 Nc3 (25... Nxd2 $2 26. fxg4 Ne4 27. gxh5 $18) 26. Bxc3) 25... Bf5 (25... Nxd2 $142 26. Rxd2 (26. Bxd5+ Kh7 $18) 26... Qf7) 26. Nxe4 $16 Bxe4 {[%emt 0:01:13] [#]} 27. Rc6 ({White should try} 27. Nc5 $1 ) 27... h4 28. Nc5 {[%emt 0:00:57] Prevents Qd7.} hxg3 29. hxg3 Bxg2 30. Qxg2 Qf7 {[%emt 0:00:42] [#]} (30... Bxc5 $16 {might work better.} 31. R1xc5 Qd7) 31. Nxa6 ({Resist} 31. Rxa6 $6 Bxc5 32. dxc5 (32. Rxc5 Nf8 $16) 32... Ne5 $16) (31. Nb7 $1 $18) 31... Re7 (31... Rc8 $16 {was worth a try.}) 32. Nc5 $18 Ra8 33. Nb7 Rd7 34. Nxd6 cxd6 35. Rc8+ Rd8 36. Qh3 {[%emt 0:01:33] Strongly threatening Rxa8.} Ne7 $2 (36... Nf8 37. Rxd8 Rxd8) 37. Rxd8+ {[%emt 0:00:56] White is clearly winning.} Rxd8 38. Rc7 Kf8 39. a6 Ra8 40. a7 Qg6 41. Bc1 {[%emt 0:00:32] Weighted Error Value: White=0.15 (very precise) /Black=0.46.  Mistake:       	White=5     	Black=6      Inaccurate:     	White=1     	Black=4      OK:         	White=9     	Black=4      Best:        	White=3     	---        Strong:       	White=1     	---} 1-0

[Event "SixDays Budapest IM-B 09-2024"]
[Site "Budapest"]
[Date "2024.09.25"]
[Round "3.4"]
[White "Tippa, Aswath Srisai"]
[Black "Skytte, Rasmus"]
[Result "1-0"]
[ECO "B06"]
[WhiteElo "1648"]
[BlackElo "2348"]
[Annotator "RC"]
[PlyCount "63"]
[EventDate "2024.09.24"]
[EventType "tourn"]
[EventCountry "HUN"]
[SourceTitle "playchess.com"]
[Source "ChessBase"]
[SourceQuality "1"]
[TimeControl "5400+30"]

1. e4 g6 2. d4 Bg7 3. Nc3 d5 4. exd5 Nf6 5. Bc4 Nbd7 6. Nf3 O-O 7. O-O Nb6 8. Bb3 a5 9. a4 Nbxd5 10. Nxd5 Nxd5 11. Ne5 c6 12. c3 Qc7 13. Re1 Bf5 14. Qf3 Rad8 15. h3 Be6 16. Nd3 Bf5 17. Bg5 Bxd3 18. Qxd3 Rd7 19. Qf3 e6 20. Re2 b5 21. h4 b4 22. h5 bxc3 23. bxc3 c5 24. h6 Bh8 25. Rd1 cxd4 26. cxd4 Qd6 27. Rc2 Qb4 28. Rc4 Qb7 29. Rc5 Rb8 30. Rxa5 Nc7 31. Qxb7 Rxb7 32. Rc1 1-0

[Event "SixDays Budapest IM-B 09-2024"]
[Site "Budapest"]
[Date "2024.09.25"]
[Round "3.5"]
[White "Rodgers, Jack"]
[Black "Goldbeck, Lars"]
[Result "0-1"]
[ECO "D61"]
[WhiteElo "2110"]
[BlackElo "2359"]
[Annotator "RC"]
[PlyCount "94"]
[EventDate "2024.09.24"]
[EventType "tourn"]
[EventCountry "HUN"]
[SourceTitle "playchess.com"]
[Source "ChessBase"]
[SourceQuality "1"]
[TimeControl "5400+30"]

1. d4 d5 2. c4 e6 3. Nc3 Nf6 4. Nf3 Nbd7 5. Bg5 Be7 6. e3 O-O 7. Qc2 a6 8. Rd1 h6 9. Bh4 dxc4 10. Bxc4 b5 11. Be2 Bb7 12. O-O Rc8 13. Bxf6 Bxf6 14. Ne4 Bxe4 15. Qxe4 c5 16. Bd3 g6 17. Ne5 c4 18. Bc2 Bg7 19. f4 Nf6 20. Qf3 c3 21. b3 Qa5 22. Ra1 Qa3 23. h4 Qe7 24. a3 h5 25. g3 Qd8 26. Rfd1 Qd5 27. e4 Qb7 28. Kg2 a5 29. b4 axb4 30. axb4 Rfd8 31. Qe3 Qe7 32. Ra6 Qxb4 33. Qf2 Ng4 34. Nxg4 hxg4 35. d5 exd5 36. exd5 Qc4 37. d6 b4 38. Rb6 Rc6 39. d7 Rc7 40. Qe1 Bf8 41. Rb1 Qd5+ 42. Be4 Qxd7 43. h5 Qd2+ 44. Kh1 Qxe1+ 45. Rxe1 gxh5 46. Rc1 c2 47. Bxc2 Rdc8 0-1